 Dungeon Sprint DCSS version 0.30-a0-219-gf2db51d15e (webtiles) character file.

Game seed: 18362460739636286702

10 rocky1 the Slasher (level 2, -3/34 HPs)
             Began as a Demonspawn Gladiator on Oct 8, 2022.
             Was a Believer of Qazlal.
             Slain by a warg (8 damage)
             ... in the Dungeon (Sprint VII: "The Pits").
             The game lasted 00:01:06 (403 turns).

rocky1 the Slasher (Demonspawn Gladiator)            Turns: 403, Time: 00:01:07

Health: -3/34      AC:  4    Str: 14    XL:     2   Next: 10%
Magic:  4/4        EV: 12    Int:  9    God:    Qazlal [**....]
Gold:   0          SH:  2    Dex: 14    Spells: 1/1 levels left

rFire   . . .      SeeInvis .    a - +0 long sword
rCold   . . .      Faith    .    (no shield)
rNeg    . . .      Spirit   .    b - +0 leather armour
rPois   .          Reflect  .    c - +0 helmet
rElec   .          Harm     .    (no cloak)
rCorr   .          Rampage  .    (no gloves)
Will    .....      NoTele   +    (no boots)
Stlth   ..........               (no amulet)
HPRegen 0.25/turn                (no ring)
MPRegen 0.09/turn                (no ring)

@: berserking, very quick
A: hooves 1
a: Renounce Religion, Upheaval


You were in the Dungeon.
You worshipped Qazlal.
Qazlal was pleased with you.
You visited 1 branch

Inventory:

Hand Weapons
 a - a +0 long sword (weapon)
Missiles
 d - 3 throwing nets (quivered)
 e - a javelin
Armour
 b - a +0 leather armour (worn)
 c - a +0 helmet (worn)
Scrolls
 k - a scroll of blinking
 m - 5 scrolls of amnesia
 n - a scroll of summoning
Potions
 f - a potion of curing
 g - a potion of heal wounds
 h - a potion of haste
 i - 4 potions of magic
 j - 2 potions of berserk rage
 l - 2 potions of invisibility


   Skills:
 - Level 2.6 Fighting
 + Level 3.7 Long Blades
 - Level 1.7 Throwing
 - Level 2.6 Dodging
 + Level 3.3 Invocations


You had one spell level left.
You didn't know any spells.
Your spell library was empty.

Dungeon Overview and Level Annotations

Branches:
Dungeon (1/1)

Altars:
Ashenzari
Cheibriados
Dithmenos
Fedhas
Gozag
Hepliaklqana
Kikubaaqudgha
Makhleb
Nemelex Xobeh
Okawaru
Qazlal
Ru
Sif Muna
Trog
Uskayaw
Vehumet
Wu Jian
Xom
Yredelemnul
Jiyva
Lugonu


Innate Abilities, Weirdness & Mutations

You have large cloven feet.


Message History

Done waiting.
You open the door.
A quokka zombie and a giant cockroach come into view.
You hit the quokka zombie.
The quokka zombie is heavily damaged.
You hit the giant cockroach. You kick the giant cockroach.
The giant cockroach is severely wounded.
The giant cockroach bites you but does no damage.
You hit the giant cockroach.
You kill the giant cockroach!
Qazlal accepts your kill.
You closely miss the quokka zombie. Your kick misses the quokka zombie.
The quokka zombie is heavily damaged.
The quokka zombie bites you but does no damage.
You slash the quokka zombie!
You destroy the quokka zombie!
Qazlal accepts your kill.
You can now call upon nature to destroy your foes.
There is an open door here.
You see here a giant cockroach corpse.
You start waiting.
Done waiting.
As you open the door, it creaks loudly!
A warg and a jackal come into view.
The warg howls!
A jackal comes into view.
A red film seems to cover your vision as you go berserk!
You feel yourself moving faster!
You feel mighty!
The jackal barks! x2; You hear a shout!
The warg bites you!
You closely miss the warg. You kick the warg.
The warg is lightly wounded.
An orc and a rat come into view.
The jackal bites you.
The jackal bites you but does no damage.
There is an open door here.
You closely miss the jackal. The warg bites you!
* * * LOW HITPOINT WARNING * * *
The jackal closely misses you. The jackal misses you. The warg bites you!
You die...

#_______...##########
##########'##........
#.?(.')))'.##......#.
##########.##........
#...........'........
#+#####'#####......#.
#..#÷÷#..##........
#.☼h..'..#####'####
##@####+###.......#
#.hhr....##.......#
#.o......##.......#
#####+#####...<...#
#.......# #.......#
#.......# #########


You could see a warg, an orc, 2 jackals and a rat.

Vanquished Creatures
  An adder zombie (D)
  A giant cockroach (D)
  2 jackals (D)
  A ball python zombie (D)
  A giant cockroach zombie (D)
  A quokka zombie (D)
7 creatures vanquished.

Notes
Turn   | Place    | Note
-------+----------+-------------------------------------------
     0 | D        | rocky1 the Demonspawn Gladiator began the quest for the
                  | Orb.
     0 | D        | Reached XP level 1. HP: 16/16 MP: 1/1
    19 | D        | Found a bloodstained altar of Trog.
    19 | D        | Found a shimmering blue altar of Sif Muna.
    19 | D        | Found a viscous altar of Jiyva.
    19 | D        | Found a hazy altar of Hepliaklqana.
    19 | D        | Found an opulent altar of Gozag.
    20 | D        | Found a basalt altar of Yredelemnul.
    20 | D        | Found a shimmering altar of Xom.
    20 | D        | Found an ornate altar of the Wu Jian Council.
    20 | D        | Found a sacrificial altar of Ru.
    20 | D        | Found a stormy altar of Qazlal.
    20 | D        | Found an iron altar of Okawaru.
    20 | D        | Found a sparkling altar of Nemelex Xobeh.
    20 | D        | Found a burning altar of Makhleb.
    20 | D        | Found a blossoming altar of Fedhas.
    20 | D        | Found a shadowy altar of Dithmenos.
    20 | D        | Found a snail-covered altar of Cheibriados.
    23 | D        | Found a corrupted altar of Lugonu.
    23 | D        | Found a radiant altar of Vehumet.
    24 | D        | Found an ancient bone altar of Kikubaaqudgha.
    24 | D        | Found a hide-covered altar of Uskayaw.
    24 | D        | Found a broken altar of Ashenzari.
    27 | D        | Became a worshipper of Qazlal Stormbringer
    77 | D        | Reached skill level 1 in Invocations
   106 | D        | Reached * piety under Qazlal
   114 | D        | Discovered your monstrous ancestry.
   114 | D        | Gained mutation: You have large cloven feet. [demonic
                  | ancestry]
   114 | D        | Reached XP level 2. HP: 23/23 MP: 2/4
   296 | D        | Reached ** piety under Qazlal
   399 | D        | Noticed a warg
   403 | D        | Slain by a warg

Illustrated notes

Levels and vault maps discovered:
D:        pitsprint [storerooms_1, entrance_room_1, metal_vault_6, armoury_1,
          mini_pit_1, grid_room_1, main_hall_1, silver_pit, the_coven_2,
          the_vestibule_1, steel_vault_2, golden_pit, hallway_of_sentries,
          crystal_vault_1, iron_vault_5, final_vault]

Skill      XL: |  1 |
---------------+----+-----
Invocations    | 3 |  3.3
Long Blades    | 3 |  3.7
Fighting       | |  2.6
Throwing       | |  1.7
Dodging        | |  2.6

Action                   || total
-------------------------++-------
Melee: Long sword        ||    47
       Kick              ||     2
  Use: Potion            ||     1
Armor: Leather armour    ||    21
Dodge: Dodged            ||    46

Table legend: (Time is in decaauts)
 A = Elapsed time spent in this place.
 B = Non-inter-level travel time spent in this place.
 C = Inter-level travel time spent in this place.
 D = Time resting spent in this place.
 E = Time spent auto-exploring this place.
 F = Levels seen in this place.
 G = Mean time per level.
                   A        B        C        D        E       F      G
               +--------+--------+--------+--------+--------+-----+--------+
         Total |    413 |    413 |      0 |    281 |      0 |   1 |  413.0 |
       Dungeon |    413 |    413 |      0 |    281 |      0 |   1 |  413.0 |
               +--------+--------+--------+--------+--------+-----+--------+

Top non-repeatable levels by time:
       D: 413 daAuts
